 Dungeon Crawl Stone Soup version 0.20-b1 (webtiles) character file.

112 raph the Cutter (level 5, -4/34 HPs)
             Began as a Halfling Skald on May 19, 2017.
             Slain by Grinder (9 damage)
             ... while paralysed by Grinder
             ... on level 3 of the Dungeon.
             The game lasted 00:06:25 (3290 turns).

raph the Cutter (Halfling Skald)                    Turns: 3290, Time: 00:06:25

Health: -4/34      AC:  5    Str: 12    XL:     5   Next: 16%
Magic:  5/7        EV:  3    Int: 11    God:
Gold:   108        SH:  0    Dex: 15    Spells: 2/7 levels left

rFire    x . .     SeeInvis .   a - +0 short sword
rCold    + . .     Gourm    .   (shield restricted)
rNeg     . . .     Faith    .   b - +0 leather armour
rPois    .         Spirit   .   v - +0 helmet
rElec    .         Reflect  .   (no cloak)
rCorr    .         Harm     .   (no gloves)
MR       .....                  t - +0 pair of boots
Stlth    +.........             (no amulet)
Regen    0.2/turn               q - ring of ice
MPRegen  0.1/turn               (no ring)

@: paralysed, infused (expiring)
A: mutation resistance 1
a: no special abilities


You were on level 3 of the Dungeon.
You were not hungry.

You visited 1 branch of the dungeon, and saw 3 of its levels.

You collected 108 gold pieces.

Inventory:

Hand Weapons
 a - a +0 short sword (weapon)
Missiles
 k - 5 poisoned tomahawks (quivered)
Armour
 b - a +0 leather armour (worn)
 t - a +0 pair of boots (worn)
 v - a +0 helmet (worn)
Jewellery
 q - a ring of ice (left hand)
Scrolls
 e - 2 scrolls of recharging {unknown}
 g - 5 scrolls of identify {unknown}
 h - 3 scrolls of remove curse {unknown}
 j - a scroll of magic mapping {unknown}
 p - a scroll of amnesia {unknown}
 r - a scroll of noise {unknown}
Potions
 f - a potion of flight {unknown}
 i - a potion of agility {unknown}
 m - 3 potions of curing {unknown}
 n - a potion of cancellation {unknown}
 o - a potion of invisibility {unknown}
 s - a potion of haste
Books
 c - a book of Battle

   Spells                             Type                      Level
   a - Infusion                       Charms                       1
   b - Shroud of Golubria             Charms/Translocation         2
   c - Song of Slaying                Charms                       2
   d - Spectral Weapon                Hexes/Charms                 3
   e - Regeneration                   Charms/Necromancy            3
 u - a book of Misfortune

   Spells                             Type                      Level
   a - Confusing Touch                Hexes                        1
   b - Confuse                        Hexes                        3
   c - Gell's Gravitas                Translocation                3
   d - Petrify                        Transmutation/Earth          4
   e - Metabolic Englaciation         Hexes/Ice                    5
   f - Yara's Violent Unravelling     Hexes/Transmutation          5
Comestibles
 d - 4 bread rations
 l - 2 meat rations
 w - 5 chunks of flesh


   Skills:
 + Level 2.2 Fighting
 * Level 4.1 Short Blades
 + Level 1.7 Armour
 + Level 2.5 Dodging
 + Level 1.9 Spellcasting
 + Level 3.9 Charms


You had 2 spell levels left.
You knew the following spells:

 Your Spells              Type           Power        Failure   Level  Hunger
a - Infusion              Chrm           #...         8%          1    ##.....
b - Song of Slaying       Chrm           #.......     11%         2    ###....
c - Shroud of Golubria    Chrm/Tloc      #.........   26%         2    ###....


Dungeon Overview and Level Annotations

Branches:
Dungeon (3/15)

Altars:
Trog

Annotations:
D:3 Grinder


Innate Abilities, Weirdness & Mutations

You are small and have problems with some larger weapons.
You are somewhat resistant to further mutation.


Message History

Grinder is lightly wounded.
You barely miss Grinder.
Grinder is lightly wounded.
Grinder hits you but does no damage.
You barely miss Grinder.
Grinder is lightly wounded.
Grinder hits you.
You writhe in agony.
You closely miss Grinder.
Grinder is lightly wounded.
Grinder gestures at you.
You suddenly lose the ability to move!
Your magical infusion is running out.
Grinder hits you.
You writhe in agony.
Grinder says, "Are you a fish?" Grinder hits you.
* * * LOW HITPOINT WARNING * * *
You writhe in agony.
* * * LOW HITPOINT WARNING * * *
Grinder hits you!
You die...

#####.......# ..
#...........# #.
#.....###.#.# #. #.....#
#.#.# #.## #.....###.#.#
#... +.....)...#.## #..#
#.....#####.##
.###.#.(###.....#####...
......5@..'.....'.......
.#####.####.....##.#####
.......'.....##.# #
###.####.....##.# #
#$#...........#
#.#.##....##..#
#.#.......##..#
#.####....##..#
...............#


You could see Grinder.

Vanquished Creatures
  3 adders (D:2)
  An ooze (D:1)
  3 worms (D:2)
  2 dart slugs (D:1)
  A leopard gecko (D:1)
  An orc (D:3)
  2 ball pythons
  3 bats
  4 giant cockroaches
  11 goblins
  9 hobgoblins
  6 jackals
  A quokka (D:3)
  3 frilled lizards (D:2)
  5 kobolds
  6 rats
61 creatures vanquished.

Notes
Turn   | Place    | Note
-------+----------+-------------------------------------------
     0 | D:1      | raph the Halfling Skald began the quest for the Orb.
     0 | D:1      | Reached XP level 1. HP: 14/14 MP: 3/3
   355 | D:1      | Reached XP level 2. HP: 13/19 MP: 0/4
   365 | D:1      | Learned a level 2 spell: Song of Slaying
   787 | D:1      | Reached XP level 3. HP: 23/24 MP: 2/5
   799 | D:1      | Learned a level 2 spell: Shroud of Golubria
  1407 | D:2      | Reached skill level 3 in Short Blades
  1456 | D:2      | Reached XP level 4. HP: 13/29 MP: 4/6
  1846 | D:2      | HP: 1/29 [poisoned by an adder]
  2743 | D:2      | Reached XP level 5. HP: 31/34 MP: 0/7
  2999 | D:2      | Found a bloodstained altar of Trog.
  3152 | D:3      | Reached skill level 4 in Short Blades
  3274 | D:3      | Noticed Grinder
  3287 | D:3      | Paralysed by Grinder for 4 turns
  3290 | D:3      | Slain by Grinder

Skill      XL: |  1  2  3  4  5 |
---------------+----------------+-----
Fighting       | 2 |  2.2
Short Blades   | 3 4 |  4.1
Armour         | |  1.7
Dodging        | |  2.5
Spellcasting   | |  1.9
Charms         | |  3.9

Action                   |  1- 3 |  4- 6 || total
-------------------------+-------+-------++-------
Melee: Short sword       |   119 |   172 ||   291
 Cast: Infusion          |     8 |    10 ||    18
       Song of Slaying   |     1 |     3 ||     4
       Shroud of Golubri |       |     2 ||     2
  Use: Potion            |       |     2 ||     2
  Eat: Chunk             |     2 |     7 ||     9
Armor: Leather armour    |    36 |    35 ||    71
Dodge: Dodged            |   108 |   111 ||   219
